 Dungeon Crawl Stone Soup version 0.17.1-3-g152610e (webtiles) character file.

416 Jerry the Shield-Bearer (level 6, 0/42 HPs)
             Began as an Octopode Fighter on Mar 24, 2016.
             Was an Initiate of Cheibriados.
             Slain by Venard's ghost (5 damage)
             ... on level 3 of the Dungeon.
             The game lasted 00:12:16 (2984 turns).

Jerry the Shield-Bearer (Octopode Fighter)          Turns: 2984, Time: 00:12:16

Health: 0/42       AC:  1    Str: 16    XL:     6   Next: 92%
Magic:  0/6        EV: 14    Int: 11    God:    Cheibriados [......]
Gold:   115        SH: 10    Dex: 15    Spells: 0 memorised, 5 levels left

rFire  . . .     SeeInvis .       - Unarmed
rCold  . . .     Clarity  .     a - +1 shield
rNeg   . . .     SustAt   .     (helmet restricted)
rPois  .         Gourm    .     (no amulet)
rElec  .         Spirit   .     s - ring of invisibility
rCorr  .         Warding  .     (no ring)
rMut   .         Stasis   .     n - +3 ring of evasion
MR     .....                    (no ring)
Stlth  ++........               (no ring)
                                (no ring)
                                (no ring)
                                (no ring)

@: glowing, drained, very slow, not resistant to hostile enchantments,
unstealthy
A: almost no armour, amphibious, 8 rings, constrict 8, camouflage 1, gelatinous
body 1
a: Bend Time, Renounce Religion, Evoke Invisibility


You were on level 3 of the Dungeon.
You worshipped Cheibriados.
Cheibriados was noncommittal.
You were not hungry.

You visited 1 branch of the dungeon, and saw 3 of its levels.

You collected 115 gold pieces.

Inventory:

Hand Weapons
 m - a +4 quarterstaff of chaos
Armour
 a - a +1 shield (worn)
Jewellery
 n - a +3 ring of evasion (on tentacle)
 s - a ring of invisibility (left tentacle)
Wands
 b - a wand of polymorph (9)
 u - a wand of slowing (17)
Scrolls
 d - a scroll of magic mapping
 f - 2 scrolls of fog
 g - a scroll of enchant armour
 i - a scroll of identify
 k - 2 scrolls of teleportation {unknown}
 w - a scroll of blinking {unknown}
Potions
 e - a potion of beneficial mutation {unknown}
 h - 2 potions of invisibility
 l - 3 potions of curing {unknown}
 o - a potion of cancellation {unknown}
 q - a potion of poison {unknown}
 r - a potion of resistance {unknown}
 t - a potion of haste {unknown}
Comestibles
 c - a bread ration
 j - a chunk of flesh
 p - a slice of pizza
 v - a meat ration


   Skills:
 - Level 3.0(2.2) Fighting
 - Level 4.0(3.1) Dodging
 + Level 5.1(4.3) Stealth
 * Level 5.7(4.8) Shields
 - Level 2.0(1.2) Unarmed Combat
 + Level 0.2(0.0) Invocations
 - Level 1.2(0.4) Evocations


You had 5 spell levels left.
You didn't know any spells.

Dungeon Overview and Level Annotations

Branches:
Dungeon (3/15)

Altars:
Cheibriados

Annotations:
D:3 Venard's ghost, amateur SpEn


Innate Abilities, Weirdness & Mutations

You cannot wear most types of armour.
You are amphibious.
You can wear up to eight rings at the same time.
You can use your tentacles to constrict eight enemies at once.
Your skin changes colour to match your surroundings (Stealth).
Your rubbery body absorbs attacks (AC +1).


Message History

You feel less confused. Venard's ghost closely misses you.
Venard's ghost hits you.
* * * LOW HITPOINT WARNING * * *
Your shield prevents you from hitting Venard's ghost.
Venard's ghost is moderately damaged.
For a moment, you lose track of Venard's ghost.
Venard's ghost casts a spell at you. You resist with significant effort.
You closely miss Venard's ghost.
Venard's ghost is moderately damaged.
Venard's ghost hits you.
* * * LOW HITPOINT WARNING * * *
The flow of time bends around you.
Venard's ghost resists with some effort.
You feel slightly more hungry. Venard's ghost hits you.
* * * LOW HITPOINT WARNING * * *
The flow of time bends around you.
Venard's ghost resists with some effort.
You feel slightly more hungry. Venard's ghost hits you.
You die...

..#. ..#........## #.####.#.#
######.#.#......### ##.##......
..#... #.####...# #.......#.#
..#.# ##.# #...# ####..##.#.#..
#..###.#.# #...####.........[###
..(.#(##.# #........##..#.##)###
.#....(..####...####.##..#.##.##.
.......)..................<...##.
..##....)......W@...#.######.....
..#(..................#....#.###.
..#.#.#.###.......##..#....#)# #.
..#...#.# #.#.........#._..).# ##
#.##.##.# #.#...#.###.#....###
#.......# #.#...#.# ###....# ###
####(#### #.......# ####### #..
####)# #.#...#.# ..# #.#
.[.))#### #.#...#.# # #.# #.#


You could see Venard's ghost.

Vanquished Creatures
  Sigmund (D:2)
  Crazy Yiuf (D:2)
  Natasha (thrice) (D:2)
  An orc wizard (D:3)
  7 gnolls
  An adder (D:3)
  An ooze (D:1)
  3 worms (D:2)
  3 giant geckos
  9 orcs (D:3)
  4 giant cockroaches
  8 goblins
  7 hobgoblins
  A ball python (D:2)
  10 bats
  3 giant newts
  9 kobolds
  8 rats
80 creatures vanquished.

Notes
Turn   | Place    | Note
--------------------------------------------------------------
     0 | D:1      | Jerry the Octopode Fighter began the quest for the Orb.
     0 | D:1      | Reached XP level 1. HP: 16/16 MP: 1/1
   134 | D:1      | Reached skill level 1 in Stealth
   134 | D:1      | Reached XP level 2. HP: 21/21 MP: 2/2
   325 | D:1      | Reached XP level 3. HP: 18/26 MP: 3/3
  1228 | D:2      | Noticed Sigmund
  1236 | D:2      | Killed Sigmund
  1236 | D:2      | Reached skill level 4 in Stealth
  1236 | D:2      | Reached XP level 4. HP: 31/31 MP: 4/4
  1236 | D:2      | Reached XP level 5. HP: 36/36 MP: 5/5
  1299 | D:2      | Noticed Natasha
  1318 | D:2      | Killed Natasha
  1318 | D:2      | Reached skill level 5 in Shields
  1318 | D:2      | Reached XP level 6. HP: 37/42 MP: 6/6
  1340 | D:2      | Noticed Crazy Yiuf
  1349 | D:2      | Killed Crazy Yiuf
  1819 | D:2      | Noticed Natasha
  1828 | D:2      | Killed Natasha
  2042 | D:2      | Noticed Natasha
  2050 | D:2      | Killed Natasha
  2734 | D:3      | Found a snail-covered altar of Cheibriados.
  2739 | D:3      | Reached skill level 5 in Stealth
  2744 | D:3      | Reached skill level 1 in Evocations
  2765 | D:3      | Became a worshipper of Cheibriados the Contemplative
  2929 | D:3      | Noticed Venard's ghost (amateur SpEn)
  2984 | D:3      | Slain by Venard's ghost

Action                   |  1- 3 |  4- 6 || total
-------------------------+-------+-------++-------
Melee: Unarmed           |    76 |   143 ||   219
Invok: Bend Time         |       |     2 ||     2
  Use: Potion            |     1 |       ||     1
       Scroll            |       |     5 ||     5
 Stab: Sleeping          |     7 |     9 ||    16
  Eat: Chunk             |     1 |     6 ||     7
